 Dungeon Crawl Stone Soup version 0.27-a0-1147-gb3d8e82157 (webtiles) character file.

Game seed: 5842039075979380395

79 st0uf the Digger (level 4, 0/24 HPs)
             Began as a Gargoyle Earth Elementalist on May 11, 2021.
             Slain by an adder (2 damage)
             ... on level 2 of the Dungeon.
             The game lasted 00:08:45 (2206 turns).

st0uf the Digger (Gargoyle Earth Elementalist)      Turns: 2206, Time: 00:08:45

Health: 0/24       AC:  5    Str: 11    XL:     4   Next: 38%
Magic:  1/7        EV: 12    Int: 17    God:
Gold:   63         SH:  0    Dex: 10    Spells: 6/7 levels left

rFire    . . .     SeeInvis .   (no weapon)
rCold    . . .     Faith    .   (no shield)
rNeg     + . .     Spirit   .   c - +0 robe
rPois    ∞         Reflect  .   (no helmet)
rElec    +         Harm     .   (no cloak)
rCorr    .         Rampage  .   (no gloves)
Will     .....                  (no boots)
Stlth    ++........             (no amulet)
HPRegen  0.08/turn              (no ring)
MPRegen  0.10/turn              (no ring)

@: no status effects
A: sickness immunity, AC +3, negative energy resistance 1, electricity
resistance, torment resistance 1, petrification resistance
a: no special abilities


You were on level 2 of the Dungeon.
You visited 1 branch of the dungeon, and saw 2 of its levels.

You collected 63 gold pieces.

Inventory:

Missiles
 b - 76 stones (quivered)
Armour
 c - a +0 robe (worn)
 h - a +0 chain mail
Scrolls
 d - a scroll of enchant weapon {unknown}
 e - a scroll of identify {unknown}
 f - a scroll of teleportation {unknown}
 j - a scroll of silence {unknown}
 k - a scroll of summoning {unknown}
Potions
 a - a potion of lignification {unknown}
 g - a potion of flight {unknown}
 i - 2 potions of heal wounds {unknown}


   Skills:
 + Level 1.5 Armour
 + Level 2.1 Dodging
 + Level 2.7 Stealth
 + Level 2.4 Spellcasting
 + Level 1.4 Transmutations
 + Level 4.0 Earth Magic


You had 6 spell levels left.
You knew the following spells:

 Your Spells              Type           Power      Damage    Failure   Level
a - Sandblast             Erth           30%        2d9       3%          1

Your spell library contained the following spells:

 Spells                   Type           Power      Damage    Failure   Level
 Passwall                 Tmut/Erth      9%         N/A       9%          2
 Stone Arrow              Conj/Erth      18%        3d8       24%         3
 Petrify                  Tmut/Erth      11%        N/A       52%         4
 Lee's Rapid Deconstruct  Erth           7%         3d8*      67%         5


Dungeon Overview and Level Annotations

Branches:
Dungeon (2/15)

Altars:


Innate Abilities, Weirdness & Mutations

You are immune to sickness and miasma.
Your stone body is resilient. (AC +3)
You are immune to poison.
You resist negative energy. (rN+)
You are resistant to electric shocks. (rElec)
You are resistant to unholy torment.
You are immune to petrification.


Message History

Casting: Sandblast (safe; 3% risk of failure)
Confirm with . or Enter, or press ? or * to list all spells.
Aiming: Sandblast (safe; 3% risk of failure)
Press: ? - help, Shift-Dir - straight line, f/p - adder
Aim: an adder (almost dead, 66% to hit)
The blast of sand misses the adder.
b - 76 stones The adder barely misses you.
The adder bites you.
* * * LOW HITPOINT WARNING * * *
You barely miss the adder.
The adder is almost dead.
The adder bites you but does no damage.
You closely miss the adder.
The adder is almost dead.
The adder bites you but does no damage.
You barely miss the adder.
The adder is almost dead.
The adder closely misses you.
You completely miss the adder.
The adder is almost dead.
The adder bites you but does no damage. The adder barely misses you.
You barely miss the adder.
The adder is almost dead.
The adder barely misses you.
You closely miss the adder.
The adder is almost dead.
The adder closely misses you.
You barely miss the adder.
The adder is almost dead.
The adder bites you.
* * * LOW HITPOINT WARNING * * *
The adder bites you but does no damage.
You closely miss the adder.
The adder is almost dead.
The adder bites you.
* * * LOW HITPOINT WARNING * * *
You miss the adder.
The adder is almost dead.
The adder bites you.
You die...

..# ##.#.## ..# ###
#.###.# ..########.#
##.#.##
.........#.###.#.#.###
.........#..#....#...#
######.S.#....#####..#
####..##..### #..#
#.....##..#######..#
#.###.(...(.(S@....#
.. #.##.########..# ##
#.##.########..#
#..###S##...........#
#.......##########.##
#..###).# #.#
##..###..# #.#
......().# #.#
...K####.# #.#


You could see an adder.

Vanquished Creatures
  Terence (D:2)
  An adder (D:2)
  A worm (D:2)
  2 ball pythons (D:1)
  7 bats
  2 endoplasms
  2 goblins (D:1)
  6 hobgoblins
  3 jackals (D:1)
  4 kobolds
  A quokka (D:1)
  5 frilled lizards
  6 rats
41 creatures vanquished.

Vanquished Creatures (others)
  3 fungi (D:1)
  4 plants (D:1)
7 creatures vanquished.

Grand Total: 48 creatures vanquished

Notes
Turn   | Place    | Note
-------+----------+-------------------------------------------
     0 | D:1      | st0uf the Gargoyle Earth Elementalist began the quest for
                  | the Orb.
     0 | D:1      | Reached XP level 1. HP: 10/10 MP: 3/3
   321 | D:1      | Reached XP level 2. HP: 15/15 MP: 5/5
   363 | D:1      | Reached skill level 1 in Transmutations
   978 | D:1      | Found a faded altar of an unknown god.
  1171 | D:1      | Reached XP level 3. HP: 18/19 MP: 4/6
  1294 | D:1      | Reached skill level 1 in Armour
  1721 | D:2      | Found Dywoept's Armour Shoppe.
  2152 | D:2      | Noticed Terence
  2166 | D:2      | Killed Terence
  2167 | D:2      | Reached skill level 4 in Earth Magic
  2167 | D:2      | Reached XP level 4. HP: 10/24 MP: 0/7
  2206 | D:2      | Slain by an adder

Illustrated notes

Levels and vault maps discovered:
D:1:      ncdulo_halloftheorcs, layout_loops_corners,
          shapermc_ecumenical_altar_mp_ritualfount, supply_closet_lemuel
D:2:      layout_loops_ring, serial_shops, shop_fountains, eino_tiny_chamber,
          roderic_roman_lattice, amcnicky_mini_rare_corridor_liquid,
          kennysheep_potato, uniq_terence

Skill      XL: |  1  2  3 |
---------------+----------+-----
Transmutations | 1 |  1.4
Armour         | 1 |  1.5
Dodging        | 2 |  2.1
Earth Magic    | 4 |  4.0
Stealth        | |  2.7
Spellcasting   | |  2.4

Action                   |  1- 3 |  4- 6 || total
-------------------------+-------+-------++-------
Melee: Unarmed           |   162 |    18 ||   180
Throw: Dart              |    10 |     5 ||    15
       Stone             |       |     1 ||     1
 Cast: Sandblast         |    35 |     4 ||    39
 Stab: Sleeping          |     4 |       ||     4
Armor: Robe              |    68 |    14 ||    82
Dodge: Dodged            |   134 |    13 ||   147

Table legend: (Time is in decaauts)
 A = Elapsed time spent in this place.
 B = Non-inter-level travel time spent in this place.
 C = Inter-level travel time spent in this place.
 D = Time resting spent in this place.
 E = Time spent auto-exploring this place.
 F = Levels seen in this place.
 G = Mean time per level.
                   A        B        C        D        E       F      G
               +--------+--------+--------+--------+--------+-----+--------+
         Total |   2205 |   2170 |     35 |     75 |   1526 |   2 | 1102.5 |
       Dungeon |   2205 |   2170 |     35 |     75 |   1526 |   2 | 1102.5 |
               +--------+--------+--------+--------+--------+-----+--------+

Top non-repeatable levels by time:
     D:1: 1534 daAuts
     D:2: 671 daAuts
